 Dungeon Crawl Stone Soup version 0.19-a0-975-gfff5315 (webtiles) character file.

5 Gorice the Stinger (level 1, 0/21 HPs)
             Began as a Demonspawn Venom Mage on July 13, 2016.
             Slain by a bat (1 damage)
             ... on level 1 of the Dungeon.
             The game lasted 00:01:13 (286 turns).

Gorice the Stinger (Demonspawn Venom Mage)           Turns: 286, Time: 00:01:14

Health: 0/21       AC: 20    Str:  8    XL:     1   Next: 66%
Magic:  0/3        EV:  2    Int: 16    God:
Gold:   14         SH:  0    Dex: 13    Spells: 1 memorised, 3 levels left

rFire  . . .     SeeInvis .     (no weapon)
rCold  . . .     Gourm    .     (armour currently unavailable)
rNeg   + + +     Faith    .     (no shield)
rPois  +         Spirit   .     (helmet currently unavailable)
rElec  .         Dismiss  .     (cloak currently unavailable)
rCorr  .         Reflect  .     (gloves currently unavailable)
SustAt .         Harm     .     (boots currently unavailable)
MR     .....     NoTele   +     (no amulet)
Stlth  ++........               (no ring)
                                (no ring)

@: tree-form, very slightly contaminated, not resistant to hostile enchantments,
unstealthy
A: no striking features
a: no special abilities


You were on level 1 of the Dungeon.
You were not hungry.
You were a tree.
You visited 1 branch of the dungeon, and saw 1 of its levels.

You collected 14 gold pieces.

Inventory:

Armour
 a - a +0 robe (melded)
Books
 b - a Young Poisoner's Handbook
Comestibles
 c - a bread ration {!e}


   Skills:
 + Level 0.4 Fighting
 - Level 1.7 Dodging
 - Level 1.7 Stealth
 + Level 2.1 Spellcasting
 * Level 0.6 Conjurations
 - Level 4.0 Poison Magic


You had 3 spell levels left.
You knew the following spells:

 Your Spells              Type           Power        Failure   Level  Hunger
a - Sting                 Conj/Pois      #...         10%         1    #......


Dungeon Overview and Level Annotations

Branches:
Dungeon (1/15)

Altars:


Message History

Casting: Sting
Confirm with . or Enter, or press ? or * to list all spells.
Aiming: Sting
Press: ? - help, Shift-Dir - straight line, f/p - giant cockroach
Aim: a giant cockroach (moderately wounded, clinging)
You miscast Sting.
You are very lightly contaminated with residual magic.
The air around you crackles with energy!
The giant cockroach closely misses you.
The giant cockroach bites you but does no damage.
The giant cockroach waves its antennae.
The giant cockroach barely misses you. The giant cockroach bites you.
* * * LOW HITPOINT WARNING * * *
Damage: 1 (max 1)
The giant cockroach barely misses you.
A bat comes into view.
The giant cockroach bites you.
* * * LOW HITPOINT WARNING * * *
Damage: 2 (max 2)
The bat barely misses you.
You hit the giant cockroach but do no damage.
The giant cockroach is moderately wounded.
The bat completely misses you. The giant cockroach barely misses you.
You closely miss the giant cockroach.
The giant cockroach is moderately wounded.
The bat hits you but does no damage. The giant cockroach closely misses you.
The bat hits you but does no damage.
Unknown command.
Casting: Sting
Confirm with . or Enter, or press ? or * to list all spells.
Aiming: Sting
Press: ? - help, Shift-Dir - straight line, f/p - giant cockroach
Aim: a giant cockroach (moderately wounded, clinging)
The sting misses the giant cockroach.
The bat closely misses you. The giant cockroach barely misses you.
The bat barely misses you. The giant cockroach barely misses you.
Unknown command.
You closely miss the bat. The bat misses you. The bat closely misses you.
The giant cockroach bites you.
* * * LOW HITPOINT WARNING * * *
Damage: 1 (max 2)
You hit the bat but do no damage. The bat closely misses you.
The giant cockroach bites you but does no damage.
Unknown command.
It was a potion of lignification.
You turn into a tree.
Your +0 robe melds into your body.
Your roots penetrate the ground.
The giant cockroach bites you but does no damage.
The bat hits you.
You die...

#.# #.# #.# #.#
#.# #.#######
#.......#
#######s#######
#♣b......
#########


You could see a giant cockroach and a bat.

Vanquished Creatures
  A dart slug (D:1)
  A kobold (D:1)
  A bat (D:1)
  A rat (D:1)
4 creatures vanquished.

Notes
Turn   | Place    | Note
-------+----------+-------------------------------------------
     0 | D:1      | Gorice the Demonspawn Venom Mage began the quest for the Orb.
     0 | D:1      | Reached XP level 1. HP: 13/13 MP: 3/3
    28 | D:1      | HP: 3/13 [dart slug/slug dart (5)]
    38 | D:1      | HP: 2/13 [dart slug/slug dart (1)]
   274 | D:1      | HP: 4/14 [giant cockroach (1)]
   279 | D:1      | HP: 2/14 [giant cockroach (2)]
   284 | D:1      | HP: 1/14 [giant cockroach (1)]
   286 | D:1      | Slain by a bat

Vault maps used:
D:1:      scummos_arrival_simple_crosswalls, minmay_stone_trees_medium,
          nicolae_ashenzari_panopticon

Action                   || total
-------------------------++-------
Melee: Unarmed           ||    16
 Cast: Sting             ||     9
  Use: Potion            ||     1
Armor: Robe              ||    11
       Skin              ||     1
Dodge: Dodged            ||    22

Table legend:
 A = Turns spent in this place as a percentage of turns spent in the entire game.
 B = Non-inter-level travel turns spent in this place as a percentage of non-inter-level travel turns spent in the entire game.
 C = Inter-level travel turns spent in this place as a percentage of turns spent in this place.
 D = Turns resting spent in this place as a percentage of non-inter-level travel turns spent in this place.
 E = Turns spent auto-exploring this place as a percentage of non-inter-level travel turns spent in this place.
 F = Non-inter-level travel turns spent in this place divided by the number of levels of this place that you've seen.
                   A       B       C       D       E      F
               +-------+-------+-------+-------+-------+----------------------
         Total | 100.0 | 100.0 |   0.0 |   5.7 |   0.8 | 122.0
       Dungeon | 100.0 | 100.0 |   0.0 |   5.7 |   0.8 | 122.0
               +-------+-------+-------+-------+-------+----------------------

Vault maps used:
D:1:      scummos_arrival_simple_crosswalls, minmay_stone_trees_medium,
          nicolae_ashenzari_panopticon
